 Dungeon Sprint DCSS version 0.29-a0-1009-g60c99734e7 (webtiles) character file.

Game seed: 11873085169315556821

711 Hubris850 the Carver (level 7, -9/60 HPs)
             Began as a Merfolk Ice Elementalist on Aug 8, 2022.
             Was a Believer of Okawaru.
             Mangled by Gastronok (30 damage)
             ... in the Dungeon (Sprint VII: "The Pits").
             The game lasted 00:05:43 (870 turns).

Hubris850 the Carver (Merfolk Ice Elementalist)      Turns: 870, Time: 00:05:44

Health: -9/60      AC:  9    Str: 11    XL:     7   Next: 68%
Magic:  6/16       EV: 13    Int: 14    God:    Okawaru [**....]
Gold:   0          SH:  0    Dex: 14    Spells: 11/18 levels left

rFire   . . .      SeeInvis .   m - +0 long sword (holy)
rCold   . . .      Faith    .   (no shield)
rNeg    . . .      Spirit   .   a - +0 robe
rPois   .          Reflect  .   (no helmet)
rElec   .          Harm     .   (no cloak)
rCorr   .          Rampage  .   (no gloves)
Will    .....      NoTele   +   (no boots)
Stlth   ++........              (no amulet)
HPRegen 0.20/turn               (no ring)
MPRegen 0.15/turn               (no ring)

@: ice-armoured, freezing walls
A: (nimble swimmer 2), mertail
a: Renounce Religion, Heroism


You were in the Dungeon.
You worshipped Okawaru.
Okawaru was pleased with you.
You visited 1 branch

Inventory:

Hand Weapons
 d - a +2 falchion
 h - a +2 trident
 m - a +0 long sword of holy wrath (weapon)
Armour
 a - a +0 robe (worn)
Scrolls
 g - a scroll of blinking
 j - 5 scrolls of amnesia
 k - a scroll of summoning
Potions
 b - 5 potions of magic
 c - 6 potions of curing
 e - a potion of haste
 f - 2 potions of berserk rage
 i - 2 potions of invisibility
 l - 5 potions of heal wounds


   Skills:
 + Level 7.2 Fighting
 * Level 13.4 Long Blades
 - Level 4.0 Dodging
 - Level 2.1 Stealth
 - Level 6.2 Spellcasting
 - Level 8.4 Ice Magic


You had 11 spell levels left.
You knew the following spells:

 Your Spells              Type           Power      Damage    Failure   Level
a - Freeze                Ice            100%       1d11      1%          1
b - Frozen Ramparts       Ice            54%        1d9       1%          3
c - Ozocubu's Armour      Ice            27%        N/A       1%          3

Your spell library contained the following spells:

 Spells                   Type           Power      Damage    Failure   Level
 Hailstorm                Conj/Ice       16%        3d6       26%         4


Dungeon Overview and Level Annotations

Branches:
Dungeon (1/1)

Altars:
Ashenzari
Cheibriados
Dithmenos
Elyvilon
Fedhas
Gozag
Hepliaklqana
Kikubaaqudgha
Makhleb
Nemelex Xobeh
Okawaru
Qazlal
Ru
Sif Muna
Trog
Uskayaw
Vehumet
Wu Jian
Xom
Yredelemnul
Zin
The Shining One
Jiyva
Lugonu

Annotations:
D Gastronok


Innate Abilities, Weirdness & Mutations

((You are very nimble when in or above water. (Stealth+, EV+, Speed+++)))
Your lower body shifts to a powerful aquatic tail in water.


Message History

Gastronok is lightly wounded.
You hit Gastronok.
Gastronok is lightly wounded.
The wall freezes Gastronok.
Gastronok bites you but does no damage.
You slash Gastronok! You punch Gastronok.
Gastronok is moderately wounded.
You hit Gastronok but do no damage.
Gastronok is moderately wounded.
You hit Gastronok.
Gastronok is moderately wounded.
The wall freezes Gastronok!
Gastronok waves his eye-stalks in wide circles.
The air twists around and strikes you!
You hit Gastronok.
Gastronok is moderately wounded.
You hit Gastronok.
Gastronok is moderately wounded.
The wall freezes Gastronok but does no damage.
Gastronok bites you.
You hit Gastronok but do no damage.
Gastronok is moderately wounded.
The frozen ramparts melt away.
You hit Gastronok but do no damage.
Gastronok is moderately wounded.
Casting: Frozen Ramparts (safe; 1% risk of failure)
Confirm with . or Enter, or press ? or * to list all spells.
Your icy armour thickens.
Gastronok waves his eye-stalks in wide circles.
The air twists around and strikes you!
Casting: Ozocubu's Armour (safe; 1% risk of failure)
Confirm with . or Enter, or press ? or * to list all spells.
Casting: Frozen Ramparts (safe; 1% risk of failure)
Press: ? - help, Dir - look around, f - activate The walls around you are covered in ice.
You slash Gastronok!
Gastronok is heavily wounded.
The wall freezes Gastronok but does no damage.
Gastronok bites you!!
Ouch! That really hurt!
You die...

#)#........##.......#
#'###########.......#
#...†...# #########
#..#†#..# #.##.##.#
#.......#+#
#.##.##.#.+
#..#.#..#w#
#.......)@#
###########


You could see Gastronok.

Vanquished Creatures
  A floating eye (D)
  An orc warrior (D)
  An ice beast (D)
  2 wolves (D)
  An ogre (D)
  A centaur (D)
  A phantom (D)
  A gnoll (D)
  A river rat (D)
  An orc (D)
  A ball python (D)
  4 jackals (D)
  A frilled lizard (D)
  2 goblins (D)
  A jackal zombie (D)
20 creatures vanquished.

Notes
Turn   | Place    | Note
-------+----------+-------------------------------------------
     0 | D        | Hubris850 the Merfolk Ice Elementalist began the quest for
                  | the Orb.
     0 | D        | Reached XP level 1. HP: 13/13 MP: 3/3
    38 | D        | Found a glowing golden altar of the Shining One.
    38 | D        | Found a glowing silver altar of Zin.
    38 | D        | Found a basalt altar of Yredelemnul.
    38 | D        | Found a shimmering altar of Xom.
    38 | D        | Found an ornate altar of the Wu Jian Council.
    38 | D        | Found a bloodstained altar of Trog.
    38 | D        | Found a shimmering blue altar of Sif Muna.
    38 | D        | Found a sacrificial altar of Ru.
    38 | D        | Found a stormy altar of Qazlal.
    38 | D        | Found an iron altar of Okawaru.
    38 | D        | Found a sparkling altar of Nemelex Xobeh.
    38 | D        | Found a burning altar of Makhleb.
    38 | D        | Found a viscous altar of Jiyva.
    38 | D        | Found a hazy altar of Hepliaklqana.
    38 | D        | Found an opulent altar of Gozag.
    38 | D        | Found a blossoming altar of Fedhas.
    38 | D        | Found a white marble altar of Elyvilon.
    38 | D        | Found a shadowy altar of Dithmenos.
    38 | D        | Found a snail-covered altar of Cheibriados.
    39 | D        | Found a radiant altar of Vehumet.
    39 | D        | Found a corrupted altar of Lugonu.
    40 | D        | Found an ancient bone altar of Kikubaaqudgha.
    40 | D        | Found a hide-covered altar of Uskayaw.
    40 | D        | Found a broken altar of Ashenzari.
    44 | D        | Became a worshipper of Warmaster Okawaru
    77 | D        | Reached skill level 5 in Ice Magic
    77 | D        | Noticed a floating eye
    87 | D        | Paralysed by a floating eye for 2 turns
    94 | D        | Paralysed by a floating eye for 3 turns
    99 | D        | Reached XP level 2. HP: 12/19 MP: 6/6
   104 | D        | Paralysed by a floating eye for 2 turns
   105 | D        | Killed a floating eye
   106 | D        | Reached XP level 3. HP: 11/24 MP: 6/10
   106 | D        | Reached XP level 4. HP: 14/30 MP: 7/12
   257 | D        | Learned a level 3 spell: Frozen Ramparts
   261 | D        | Learned a level 3 spell: Ozocubu's Armour
   290 | D        | Noticed an ogre
   294 | D        | Reached skill level 1 in Long Blades
   294 | D        | Reached XP level 5. HP: 30/35 MP: 5/13
   295 | D        | Killed an ogre
   295 | D        | Reached * piety under Okawaru
   296 | D        | Reached skill level 7 in Long Blades
   405 | D        | Noticed a centaur
   405 | D        | Noticed an ice beast
   406 | D        | Noticed a phantom
   419 | D        | Killed an ice beast
   420 | D        | Reached skill level 9 in Long Blades
   420 | D        | Reached XP level 6. HP: 39/47 MP: 6/15
   431 | D        | Reached skill level 10 in Long Blades
   440 | D        | Reached skill level 5 in Fighting
   440 | D        | Reached skill level 11 in Long Blades
   440 | D        | Reached XP level 7. HP: 38/56 MP: 5/16
   679 | D        | Reached ** piety under Okawaru
   680 | D        | Reached skill level 12 in Long Blades
   733 | D        | Reached skill level 13 in Long Blades
   854 | D        | Noticed Gastronok
   870 | D        | Mangled by Gastronok

Illustrated notes

Levels and vault maps discovered:
D:        pitsprint [storerooms_1, entrance_room_1, metal_vault_7, armoury_2,
          mini_pit_1, grid_room_1, main_hall_1, silver_pit, the_coven_1,
          the_vestibule_1, steel_vault_4, golden_pit, hallway_of_sentries,
          crystal_vault_4, iron_vault_3, final_vault]

Skill      XL: |  1  2  3  4  5  6  7 |
---------------+----------------------+-----
Ice Magic      | 5 8 |  8.4
Spellcasting   | 3 6 |  6.2
Long Blades    | 1 9 11 13 | 13.4
Dodging        | 3 4 |  4.0
Fighting       | 3 5 7 |  7.2
Stealth        | |  2.1

Action                   |  1- 3 |  4- 6 |  7- 9 || total
-------------------------+-------+-------+-------++-------
Melee: Trident           |    20 |       |       ||    20
       Punch             |     1 |     1 |     1 ||     3
       Falchion          |       |     7 |       ||     7
       Long sword        |       |    26 |    29 ||    55
 Cast: Freeze            |     1 |       |       ||     1
       Frozen Ramparts   |       |     3 |     4 ||     7
       Ozocubu's Armour  |       |     3 |     4 ||     7
Invok: Heroism           |       |     1 |       ||     1
  Use: Potion            |     2 |       |       ||     2
 Stab: Sleeping          |     1 |       |       ||     1
Armor: Robe              |     6 |    20 |     3 ||    29
Dodge: Dodged            |    14 |    21 |     8 ||    43

Table legend: (Time is in decaauts)
 A = Elapsed time spent in this place.
 B = Non-inter-level travel time spent in this place.
 C = Inter-level travel time spent in this place.
 D = Time resting spent in this place.
 E = Time spent auto-exploring this place.
 F = Levels seen in this place.
 G = Mean time per level.
                   A        B        C        D        E       F      G
               +--------+--------+--------+--------+--------+-----+--------+
         Total |    875 |    875 |      0 |    594 |      0 |   1 |  875.0 |
       Dungeon |    875 |    875 |      0 |    594 |      0 |   1 |  875.0 |
               +--------+--------+--------+--------+--------+-----+--------+

Top non-repeatable levels by time:
       D: 875 daAuts
